 Dungeon Crawl Stone Soup version 0.24-a0-170-gd8427f5 (webtiles) character file.

Game seed: 16407815293670211152

72 Hybris the Skirmisher (level 4, -19/49 HPs)
             Began as an Ogre Fighter on Mar 10, 2019.
             Demolished by an ogre
             ... wielding a +0 giant club
              (25 damage)
             ... on level 2 of the Dungeon.
             The game lasted 00:04:23 (1277 turns).

Hybris the Skirmisher (Ogre Fighter)                Turns: 1277, Time: 00:04:23

Health: -19/49     AC:  3    Str: 21    XL:     4   Next: 25%
Magic:  4/4        EV:  8    Int:  9    God:
Gold:   95         SH:  8    Dex:  8    Spells: 3/3 levels left

rFire    . . .     SeeInvis .   a - +0 trident
rCold    . . .     Gourm    .   c - +0 shield
rNeg     . . .     Faith    +   b - +0 robe
rPois    .         Spirit   .   (helmet restricted)
rElec    .         Reflect  .   (no cloak)
rCorr    .         Harm     .   (gloves unavailable)
MR       .....                  (boots unavailable)
Stlth    +.........             n - amulet of faith
HPRegen  0.16/turn              (no ring)
MPRegen  0.09/turn              (no ring)

@: no status effects
A: large, unfitting armour, tough skin 1
a: no special abilities


You were on level 2 of the Dungeon.
You were hungry.

You visited 1 branch of the dungeon, and saw 2 of its levels.

You collected 95 gold pieces.

Inventory:

Hand Weapons
 a - a +0 trident (weapon)
Armour
 b - a +0 robe (worn)
 c - a +0 shield (worn)
Jewellery
 n - an amulet of faith (around neck)
Scrolls
 e - 4 scrolls of identify {unknown}
 g - a scroll of blinking {unknown}
 h - a scroll of magic mapping {unknown}
 i - 3 scrolls of remove curse {unknown}
 j - a scroll of immolation {unknown}
 p - a scroll of teleportation {unknown}
Potions
 d - a potion of might
 l - a potion of flight {unknown}
 o - a potion of brilliance {unknown}
Comestibles
 f - 5 rations


   Skills:
 + Level 4.9 Fighting
 * Level 3.8 Polearms
 - Level 2.6 Dodging
 - Level 2.6 Shields


You had 3 spell levels left.
You didn't know any spells.
Your spell library was empty.

Dungeon Overview and Level Annotations

Branches:
Dungeon (2/15)

Altars:
Okawaru


Innate Abilities, Weirdness & Mutations

You are too large for most types of armour.
You have tough skin. (AC +1)


Message History

* * * LOW HITPOINT WARNING * * *
You see here 10 stones.
There is a stone staircase leading down here.
Some of the chunks of flesh in your inventory have rotted away.
There is a stone staircase leading down here.
Things that are here:
a +0 club; a hobgoblin corpse All of the chunks of flesh in your inventory have rotted away.
Found 11 gold pieces.
You see here a scroll labeled ORCHOOW MEMUECH.
You are feeling hungry.
You barely miss the ogre.
The ogre hits you with a +0 giant club!!
* * * LOW HITPOINT WARNING * * *
The ogre hits you with a +0 giant club!
* * * LOW HITPOINT WARNING * * *
It was a potion of cancellation.
You feel magically purged.
The ogre hits you with a +0 giant club!!
Ouch! That really hurt!
You die...

#<.....#.......##.#####.###.##
#######.......................
#............#####.......
#............# #.###.##
#.#.......#.(#####(# #
#>##...............#
#.###..)###.>####..#
#.#####O.....# #..#
#.......@....# #..#
#######....#)# #?.# #
#......####..#.$..
#..................
#.....#####........
######.....#.#....#.....
#..÷.[.........#.##.....
#.####≈≈.≈≈#.#.#.# ##.## #.#
#)≈.≈)#.....# #.#


You could see an ogre.

Vanquished Creatures
  An adder (D:2)
  A worm (D:2)
  A dart slug (D:1)
  3 leopard geckos (D:2)
  A ball python (D:1)
  4 giant cockroaches
  8 goblins
  6 hobgoblins
  4 jackals (D:1)
  5 kobolds
  7 bats
  4 frilled lizards (D:1)
  6 rats
51 creatures vanquished.

Notes
Turn   | Place    | Note
-------+----------+-------------------------------------------
     0 | D:1      | Hybris the Ogre Fighter began the quest for the Orb.
     0 | D:1      | Reached XP level 1. HP: 24/24 MP: 1/1
   183 | D:1      | Reached XP level 2. HP: 32/32 MP: 2/2
   384 | D:1      | Reached XP level 3. HP: 36/40 MP: 3/3
   975 | D:2      | Reached XP level 4. HP: 43/49 MP: 4/4
   987 | D:2      | Found an iron altar of Okawaru.
  1093 | D:2      | Noticed an ogre
  1277 | D:2      | Demolished by an ogre

Levels and vault maps discovered:
D:1:      psy_arrival_fountain, layout_basic, minivault_26
D:2:      layout_loops_ring, kennysheep_okawaru_gauntlet, minmay_nonomino_d4,
          uniq_crazy_yiuf_cottage

Skill      XL: |  1  2 |
---------------+-------+-----
Polearms       | 3 |  3.8
Fighting       | |  4.9
Dodging        | |  2.6
Shields        | |  2.6

Action                   |  1- 3 |  4- 6 || total
-------------------------+-------+-------++-------
Melee: Trident           |   144 |    38 ||   182
  Use: Potion            |       |     1 ||     1
  Eat: Chunk             |     1 |       ||     1
Armor: Robe              |    34 |     8 ||    42
Dodge: Dodged            |    41 |    11 ||    52
Block: Shield            |    49 |    18 ||    67

Table legend:
 A = Non-vault XP
 B = Vault XP
 C = Vault XP percentage of total XP
 D = Non-vault monster count
 E = Vault monster count
 F = Vault count percentage of total count
                 A         B        C        D         E       F
            +---------+---------+-------+---------+---------+-------
      Total |      95 |       8 |   7.8 |      46 |       5 |   9.8
            +---------+---------+-------+---------+---------+-------
        D:1 |      57 |       0 |   0.0 |      33 |       0 |   0.0
        D:2 |      38 |       8 |  17.4 |      13 |       5 |  27.8
            +---------+---------+-------+---------+---------+-------
